Map: Oxide LE

Players

Seither - Winner!

  • Race: Terran Terran
  • League: Grandmaster

Ranger

  • Race: Protoss Protoss
  • League: Grandmaster

Event: DreamHack SC2 Masters 2021 Summer

VOD

Have the link to the VOD?

Description

Time

  • Played on: May 22, 2021, 5:16 a.m.
  • Length: 8:46

All games in this series

Show
View Real Time Build Order
Export as new Build Order

Seither Terran - Winner!

Build Orders:  

Get SALT Encoding   

  12  0:00  SCV  
  13  0:12  SCV  
  14  0:17  Supply Depot  
  14  0:24  SCV  
  15  0:38  SCV  
  15  0:39  Barracks  
  16  0:46  Refinery  
  16  0:50  SCV  
  17  1:03  SCV  
  18  1:15  SCV  
  18  1:16  Engineering Bay  
  19  1:27  Marine  
  19  1:28  Orbital Command  
  20  1:47  Barracks Reactor  
  20  1:54  SCV  
  21  2:03  Command Center  
  21  2:12  Supply Depot  
  21  2:16  SCV  
  21  2:20  Factory  
  21  2:21  Refinery  
  22  2:24  Marine  
  23  2:33  SCV, Marine  
  25  2:41  Marine  
  26  2:48  SCV  
  26  2:51  Marine  
  28  3:00  SCV  
  28  3:04  Factory Tech Lab, Starport  
  29  3:07  Marine  
  29  3:09  Marine  
  31  3:14  SCV  
  31  3:15  Orbital Command  
  32  3:23  Siege Tank  
  32  3:25  Marine  
  32  3:26  Marine  
  37  3:29  Supply Depot  
  37  3:30  SCV  
  38  3:42  Orbital Command  
  38  3:43  Marine  
  38  3:44  Marine  
  39  3:50  Medivac  
  40  3:58  Siege Tank  
  40  3:59  SCV  
  44  4:07  Marine x2  
  44  4:09  SCV  
  47  4:10  Refinery  
  47  4:11  SCV, Supply Depot  
  48  4:24  Marine x2, Viking  
  48  4:28  SCV x2  
  48  4:36  Siege Tank  
  46  4:41  SCV x2  
  45  4:50  Marine x2  
  47  4:57  Bunker  
  47  5:03  Viking  
  49  5:08  Marine x2  
  51  5:16  SCV x2  
  53  5:26  Marine x2  
  52  5:33  Siege Tank  
  52  5:34  Bunker  
  55  5:37  SCV  
  55  5:39  SCV  
  57  5:44  Marine  
  58  5:56  Supply Depot, Liberator  
  61  6:07  SCV  
  62  6:15  SCV, Marine x2, Siege Tank  
  68  6:32  Marine x2  
  64  6:43  SCV x2  
  64  6:45  Supply Depot  
  64  6:50  Marine x2  
  61  6:56  Siege Tank  
  57  7:09  Marine x2  
  59  7:17  SCV x2  
  59  7:20  Supply Depot  
  61  7:26  Marine x2  
  63  7:32  Bunker  
  63  7:34  Bunker  
  63  7:41  Starport Tech Lab  
  51  7:58  Marine x2  
  37  8:09  Siege Tank  
  40  8:13  SCV x2  
  40  8:15  Marine  
  40  8:16  Marine  
  43  8:30  SCV x2  
Show
View Real Time Build Order
Export as new Build Order

Ranger Protoss 

Build Orders: Oracle Opening 

Get SALT Encoding   

  12  0:00  Probe  
  13  0:12  Probe  
  14  0:19  Pylon  
  14  0:24  Probe (Chrono Boost)  
  15  0:37  Probe (Chrono Boost)  
  15  0:39  Gateway  
  16  0:46  Probe (Chrono Boost)  
  16  0:47  Assimilator  
  17  0:51  Probe  
  18  1:04  Probe  
  19  1:16  Probe  
  20  1:24  Assimilator  
  20  1:25  Zealot (Chrono Boost)  
  20  1:30  Probe, Cybernetics Core  
  20  1:31  Pylon  
  23  1:42  Assimilator  
  23  1:49  Probe  
  24  2:01  Probe  
  24  2:06  Adept (Chrono Boost)  
  27  2:10  Stargate  
  27  2:27  Nexus  
  27  2:29  Warp Gate  
  27  2:35  Adept (Chrono Boost)  
  29  2:40  Probe  
  30  2:52  Probe  
  31  3:06  Pylon  
  31  3:11  Shield Battery  
  31  3:20  Pylon  
  31  3:22  Oracle (Chrono Boost)  
  31  3:24  Probe  
  35  3:29  Stalker  
  37  3:36  Probe  
  38  3:45  Probe  
  39  3:48  Probe  
  40  3:57  Probe (Chrono Boost)  
  40  4:04  Robotics Facility  
  40  4:06  Probe (Chrono Boost)  
  40  4:08  Probe (Chrono Boost)  
  41  4:14  Gateway, Probe (Chrono Boost)  
  41  4:15  Probe (Chrono Boost)  
  41  4:16  Shield Battery  
  45  4:24  Probe (Chrono Boost)  
  45  4:26  Stalker  
  45  4:27  Void Ray (Chrono Boost)  
  45  4:28  Probe (Chrono Boost)  
  45  4:30  Shield Battery  
  49  4:39  Shield Battery  
  49  4:41  Pylon  
  49  4:52  Immortal  
  53  4:55  Pylon  
  53  5:01  Void Ray (Chrono Boost)  
  57  5:10  Zealot x2  
  57  5:32  Zealot x2, Cybernetics Core  
  57  5:33  Void Ray (Chrono Boost)  
  65  5:48  Gateway  
  65  5:49  Gateway  
  69  5:50  Immortal  
  63  6:13  Zealot  
  65  6:25  Gateway  
  61  6:35  Void Ray  
  42  6:41  Immortal (Chrono Boost)  
  42  6:46  Gateway  
  50  6:52  Gateway  
  47  6:55  Stalker x2  
  47  7:12  Pylon  
  47  7:13  Pylon  
  47  7:15  Pylon  
  47  7:19  Pylon  
  47  7:22  Zealot x3  
  53  7:38  Pylon  
  53  7:43  Zealot x2  
  53  7:44  Zealot x2  
  14  8:04  Probe  
  8  8:26  Sentry  
Tags
 
Add a new tag
Caveats
  • Supply blocks, unpowered buildings, or Contaminate may cause inaccurate times.
  • Supply counts are checked every 10 seconds.